 Dungeon Sprint DCSS version 0.31.0-11-ge490571c62 (webtiles) character file.

Game seed: 3826864422167239909

188 SmokeWeed the Trooper (level 5, -8/53 HPs)
             Began as a Minotaur Fighter on Feb 3, 2024.
             Was a Follower of Okawaru.
             Mangled by a two-headed ogre
             ... wielding a +0 giant club
              (12 damage)
             ... in the Dungeon (Sprint IX: "|||||||||||||||||||||||||||||").
             The game lasted 00:02:29 (363 turns).

SmokeWeed the Trooper (Minotaur Fighter)             Turns: 363, Time: 00:02:29

Health: -8/53      AC: 13    Str: 20    XL:     5   Next: 39%
Magic:  4/4        EV: 11    Int:  8    God:    Okawaru [*.....]
Gold:   0          SH:  5    Dex: 12    Spells: 4/4 levels left

rFire   . . .        a - +0 long sword
rCold   . . .        c - +0 buckler
rNeg    . . .        r - +2 ring mail
rPois   .            (helmet restricted)
rElec   .            (no cloak)
rCorr   .            p - +0 pair of gloves
SInv    .            q - +0 pair of boots
Will    .....        (no amulet)
Stlth   +            s - +2 ring of protection
HPRegen 0.28/turn    t - +3 ring of intelligence
MPRegen 0.09/turn

%: no teleportation
@: mighty, lethally poisoned (-8 -> -11), invisible
A: horns 2, retaliatory headbutt
a: Renounce Religion, Heroism


You were in the Dungeon.
You worshipped Okawaru.
Okawaru was aware of your devotion.
You visited 1 branch

Inventory:

Hand Weapons
 a - a +0 long sword (weapon)
 n - a +2 rapier of distortion
 o - a +2 scimitar of holy wrath
Armour
 b - a +0 scale mail
 c - a +0 buckler (worn)
 p - a +0 pair of gloves (worn)
 q - a +0 pair of boots (worn)
 r - a +2 ring mail (worn)
Jewellery
 s - a +2 ring of protection (left hand)
 t - a +3 ring of intelligence (right hand)
Wands
 m - a wand of light (9) (quivered)
Scrolls
 j - 2 scrolls of blinking
 l - 2 scrolls of amnesia
Potions
 e - 5 potions of curing
 g - a potion of haste
 h - 4 potions of magic
 i - a potion of berserk rage
 k - a potion of heal wounds


   Skills:
 + Level 7.9 Fighting
 + Level 6.8 Long Blades
 + Level 7.9 Armour
 + Level 3.1 Dodging
 + Level 6.2 Shields


You had 4 spell levels left.
You didn't know any spells.
Your spell library was empty.

Dungeon Overview and Level Annotations

Branches:
Dungeon (1/1)

Altars:
Cheibriados
Dithmenos
Elyvilon
Fedhas
Gozag
Hepliaklqana
Kikubaaqudgha
Makhleb
Nemelex Xobeh
Okawaru
Qazlal
Ru
Sif Muna
Trog
Uskayaw
Vehumet
Wu Jian
Xom
Yredelemnul
Zin
The Shining One
Jiyva
Lugonu


Innate Abilities, Weirdness & Mutations

You have a pair of horns on your head.
You reflexively headbutt those who attack you in melee.


Message History

The killer bee is moderately wounded.
The killer bee is blinded.
The bolt of light hits the two-headed ogre.
The two-headed ogre is lightly wounded.
The two-headed ogre is blinded.
The bolt of light hits something!
The bolt of light hits the kobold brigand!
The kobold brigand is heavily wounded.
The kobold brigand is blinded.
You feel very sick. The acid dragon bites you.
You block the acid dragon's attack.
You slash the acid dragon!
The acid dragon is almost dead.
You feel very sick. The acid dragon bites you.
The acid dragon closely misses you.
You slash the acid dragon!
You kill the acid dragon!
Okawaru is honoured by your kill.
You can now gain great but temporary skills.
You feel very sick.
Your Fighting skill increases to level 7!
Your Long Blades skill increases to level 6!
Your Armour skill increases to level 7!
Your Dodging skill gained 2 levels and is now at level 3!
Your Shields skill increases to level 6!
You have reached level 5!
You hit the two-headed ogre.
The two-headed ogre is lightly wounded.
You feel sick.
The two-headed ogre hits you with a +0 giant club!
* * * LOW HITPOINT WARNING * * *
The two-headed ogre hits you with a +0 giant club!
* * * LOW HITPOINT WARNING * * *
You feel much better.
You feel sick.
You fade into invisibility!
You feel sick.
The two-headed ogre hits you with a +0 giant club!!
* * * LOW HITPOINT WARNING * * *
The two-headed ogre hits you with a +0 giant club!
You die... ▓▓▓▓▓▓▓▓▓▓▓▓▓▓▓▓▓▓▓▓▓▓▓▓ _______'..).....@Oy.Kc.. ▓▓▓▓▓▓▓▓▓▓▓▓▓▓▓▓▓▓▓▓▓▓▓▓

You could see a two-headed ogre (blind, unable to see you), a kobold brigand (blind, unable to see you), a centaur (unable to see you) and a killer bee (blind, unable to see you).

Vanquished Creatures
  An acid dragon (D)
  A hound (D)
  A jelly (D)
  An adder (D)
  An ufetubus (D)
  An orc (D)
  2 goblins (D)
  A hobgoblin (D)
  A bat (D)
  A kobold (D)
11 creatures vanquished.

Notes
Turn   | Place    | Note
-------+----------+-------------------------------------------
     0 | D        | SmokeWeed the Minotaur Fighter began the quest for the Orb.
     0 | D        | Reached XP level 1. HP: 19/19 MP: 0/0
    21 | D        | Noticed a jelly
    21 | D        | Noticed a hound
    30 | D        | Reached XP level 2. HP: 10/28 MP: 1/1
    38 | D        | Reached skill level 5 in Fighting
    38 | D        | Reached skill level 5 in Armour
    38 | D        | Reached skill level 1 in Dodging
    38 | D        | Reached skill level 5 in Shields
    38 | D        | Reached XP level 3. HP: 11/37 MP: 2/2
    42 | D        | Reached skill level 5 in Long Blades
    42 | D        | Reached XP level 4. HP: 8/45 MP: 3/3
   184 | D        | Found a snail-covered altar of Cheibriados.
   184 | D        | Found a shadowy altar of Dithmenos.
   184 | D        | Found a white marble altar of Elyvilon.
   184 | D        | Found a blossoming altar of Fedhas.
   184 | D        | Found an opulent altar of Gozag.
   185 | D        | Found a hazy altar of Hepliaklqana.
   186 | D        | Found a viscous altar of Jiyva.
   187 | D        | Found an ancient bone altar of Kikubaaqudgha.
   188 | D        | Found a corrupted altar of Lugonu.
   189 | D        | Found a burning altar of Makhleb.
   190 | D        | Found a sparkling altar of Nemelex Xobeh.
   191 | D        | Found an iron altar of Okawaru.
   192 | D        | Found a stormy altar of Qazlal.
   193 | D        | Found a sacrificial altar of Ru.
   194 | D        | Found a shimmering blue altar of Sif Muna.
   195 | D        | Found a bloodstained altar of Trog.
   196 | D        | Found a hide-covered altar of Uskayaw.
   197 | D        | Found a radiant altar of Vehumet.
   198 | D        | Found an ornate altar of the Wu Jian Council.
   199 | D        | Became a worshipper of Warmaster Okawaru
   200 | D        | Found a shimmering altar of Xom.
   201 | D        | Found a basalt altar of Yredelemnul.
   202 | D        | Found a glowing silver altar of Zin.
   203 | D        | Found a glowing golden altar of the Shining One.
   354 | D        | Noticed an acid dragon
   354 | D        | Noticed a two-headed ogre
   354 | D        | Noticed a shadow
   354 | D        | Noticed a kobold brigand
   354 | D        | Noticed a centaur
   360 | D        | Killed an acid dragon
   360 | D        | Reached * piety under Okawaru
   361 | D        | Reached XP level 5. HP: 27/53 MP: 4/4
   363 | D        | Mangled by a two-headed ogre

Illustrated notes

Levels and vault maps discovered:
D:        linesprint [early_d, line_temple, items_1, d_10, items_2, lair_1,
          lair_end, items_3, orc_1, orc_end, items_4, d_15, swamp_1, shoals_1,
          snake_1, spider_1, d_20, vaults_1, items_5, swamp_end, shoals_end,
          snake_end, spider_end, vaults_end, d_27, items_6, zot_1, zot_end,
          crypt_end, forest_end, elf_end, slime_end, tomb_end, abyss_end,
          pan_hell_end]

Skill      XL: |  1  2  3  4 |
---------------+-------------+-----
Fighting       | 4 5 6 7 |  7.9
Armour         | 4 5 6 7 |  7.9
Shields        | 4 5 6 |  6.2
Long Blades    | 3 4 5 6 |  6.8
Dodging        | 1 3 |  3.1

Action                     |  1- 3 |  4- 6 || total
---------------------------+-------+-------++-------
  Melee: Long sword        |    27 |     6 ||    33
         Headbutt          |     5 |       ||     5
  Evoke: Wand              |       |     1 ||     1
    Use: Potion            |     1 |     3 ||     4
 Armour: Scale mail        |    43 |       ||    43
         Ring mail         |       |    10 ||    10
  Dodge: Dodged            |    35 |     4 ||    39
  Block: Buckler           |     9 |     2 ||    11
